AoeStats
← ᅚᅚᅚᅚ

Coastal Forest

503035434Analyzed
4v4 RM · 1mo ago on Aug 30, 2026· 19m 50s· 8 players
Game mode
Random Map
Map size
Large (8 player)
Population
200
Speed
Normal
Resources
Standard
Victory
Conquest
Starting age
Dark Age
Ending age
Imperial Age
RankedLock teamsTeams togetherTeam positionsShared explorationLock speedFull tech treeHidden civsTurbo modeCheats
Victory
Defeat
🇦🇷 Turks · Argentina
1304
+14
🇦🇷 Magyars · Argentina
1276
+16
🇨🇱 Aztecs · Chile
1273
+16
🇨🇱 Bulgarians · Chile
1255
+17
🇨🇴 Franks · Colombia
1312
-18
🇮🇹 Saracens · Italy
1281
-16
🇹🇼 Khmer · Taiwan
1261
-15
🇧🇷 Cumans · Brazil
1232
-14
felixaleman1010
6:39 Loom
9:16 Feudal Age
10:05 Double-Bit Axe
15:49 Fletching
17:39 Padded Archer Armor
Pelantaro
5:03 Loom
10:26 Feudal Age
11:26 Double-Bit Axe
12:57 Horse Collar
16:23 Forging
17:28 Bloodlines
20:30 Scale Barding Armor
bigapple334
7:15 Loom
10:05 Feudal Age
17:15 Horse Collar
18:12 Wheelbarrow
17:57 Bloodlines
17:52 Double-Bit Axe
18:39 Forging
19:48 Scale Barding Armor
ᅚᅚᅚᅚ
9:40 Loom
11:53 Feudal Age
15:31 Castle Age
13:28 Gold Mining
13:35 Double-Bit Axe
16:57 Bow Saw
17:54 Forging
20:16 Fervor
Warriorz Lvl
10:47 Feudal Age
15:53 Castle Age
14:18 Double-Bit Axe
16:59 Bow Saw
Mionel Lessi
2:26 Loom
10:32 Feudal Age
11:31 Horse Collar
11:38 Double-Bit Axe
12:32 Wheelbarrow
11:43 Town Watch
OnionStorM
6:56 Loom
11:13 Feudal Age
12:39 Double-Bit Axe
12:37 Horse Collar
lillithadam20
8:57 Loom
11:04 Feudal Age
12:12 Horse Collar
12:51 Double-Bit Axe
15:25 Fletching
Connection lost

Rejoining the realm…

Still unreachable

The connection could not be restored.

Session expired

The server has moved on; the page needs a fresh start.